 Dungeon Crawl Stone Soup version 0.28.0-53-g5a82cb258f (webtiles) character file.

Game seed: 16586464373668994205

69541 adizb the Unseen (level 14, 0/70 HPs)
             Began as a Spriggan Brigand on July 17, 2022.
             Was a Follower of Uskayaw.
             Killed by divine providence
             ... invoked by Saint Roka
              (14 damage)
             ... on level 2 of the Orcish Mines.
             The game lasted 02:55:19 (22265 turns).

adizb the Unseen (Spriggan Brigand)                Turns: 22265, Time: 02:55:19

Health: 0/70       AC: 10    Str: 13    XL:     14   Next: 90%
Magic:  20/20      EV: 30    Int: 19    God:    Uskayaw [*.....]
Gold:   2270       SH:  0    Dex: 21    Spells: 13/13 levels left

rFire   . . .      SeeInvis +   X - +0 rapier (spect)
rCold   . . .      Faith    +   (no shield)
rNeg    . . .      Spirit   .   S - +4 troll leather armour {Snorg}
rPois   .          Reflect  .   (helmet restricted)
rElec   .          Harm     .   N - +1 cloak of the Great Game {Rampage Will+ Int+6}
rCorr   .          Rampage  +   (gloves unavailable)
Will    +++..                   (boots unavailable)
Stlth   +++++++...              s - amulet of faith
HPRegen 1.01/turn               P - +4 ring of slaying
MPRegen 0.17/turn               U - +6 ring of strength

@: lethally poisoned (0 -> -5), very quick
A: very small, no large weapons, unfitting armour, see invisible, speed 3
a: Renounce Religion, Stomp


You were on level 2 of the Orcish Mines.
You worshipped Uskayaw.
Uskayaw was noncommittal.
You visited 4 branches of the dungeon, and saw 20 of its levels.
You also visited: Volcano.

You collected 2270 gold pieces.

Inventory:

Hand Weapons
 a - a +4 short sword
 j - a +2 short sword of draining
 M - a +2 short sword of speed
 O - a +1 dagger of holy wrath
 X - a +0 spectral rapier (weapon)
 Z - a +1 short sword of venom
Missiles
 d - 25 poisoned darts
 e - a curare-tipped dart
 T - 10 boomerangs
Armour
 A - +0 fire dragon scales
 I - a +1 cloak of preservation
 N - the +1 cloak of the Great Game (worn) {Rampage Will+ Int+6}
   (You found it on level 3 of the Lair of Beasts)

   Int:       It affects your intelligence (+6).
   Rampage:   It bestows one free step when moving towards enemies.
   Will:      It increases your willpower.
 S - a +4 troll leather armour (worn) {Snorg}
 W - +0 acid dragon scales
Magical Staves
 n - a staff of poison
Jewellery
 l - an amulet of the acrobat
 o - a ring of wizardry
 s - an amulet of faith (around neck)
 t - an amulet of guardian spirit
 P - a +4 ring of slaying (left hand)
 Q - an amulet of magic regeneration
 U - a +6 ring of strength (right hand)
 V - a ring of positive energy
Wands
 c - a wand of acid (4)
 r - a wand of paralysis (11)
 C - a wand of iceblast (8)
 G - a wand of digging (9)
 J - a wand of mindburst (14) (quivered)
 K - a wand of flame (12)
 L - a wand of polymorph (3)
Scrolls
 i - 4 scrolls of teleportation
 m - 2 scrolls of fog
 u - 3 scrolls of magic mapping
 y - 4 scrolls of amnesia
 B - 3 scrolls of fear
 F - a scroll of enchant armour
Potions
 b - a potion of cancellation {unknown}
 f - 2 potions of might
 g - a potion of invisibility
 h - a potion of haste
 k - 4 potions of brilliance
 p - 5 potions of mutation {unknown}
 q - 2 potions of magic
 v - 2 potions of ambrosia {unknown}
 x - 4 potions of berserk rage {unknown}
 z - a potion of heal wounds
 E - 3 potions of flight {unknown}
 H - 2 potions of lignification {unknown}
 Y - a potion of attraction {unknown}
Miscellaneous
 w - a piece from Xom's chessboard (15/15)


   Skills:
 - Level 6.0 Fighting
 * Level 15.6 Short Blades
 - Level 5.0 Throwing
 + Level 15.6 Dodging
 + Level 19.8 Stealth
 + Level 7.1 Invocations
 + Level 13.0 Evocations


You had 13 spell levels left.
You didn't know any spells.
Your spell library contained the following spells:

 Spells                   Type           Power      Damage    Failure   Level
 Sandblast                Erth           0%         2d4       26%         1
 Corpse Rot               Necr/Air       0%         N/A       36%         2
 Ensorcelled Hibernation  Hex/Ice        0%         N/A       36%         2
 Passwall                 Tmut/Erth      0%         N/A       36%         2
 Poisonous Vapours        Pois/Air       0%         N/A       36%         2
 Frozen Ramparts          Ice            0%         1d2       61%         3
 Ozocubu's Armour         Ice            0%         N/A       61%         3
 Stone Arrow              Conj/Erth      0%         3d7       61%         3
 Swiftness                Air            0%         N/A       61%         3
 Ice Form                 Ice/Tmut       0%         N/A       95%         4
 Leda's Liquefaction      Hex/Erth       0%         N/A       95%         4
 Olgreb's Toxic Radiance  Pois           0%         N/A       95%         4
 Summon Ice Beast         Ice/Summ       0%         N/A       95%         4
 Alistair's Intoxication  Tmut/Pois      0%         N/A       100%        5
 Borgnjor's Vile Clutch   Necr/Erth      0%         N/A       100%        5
 Lee's Rapid Deconstruct  Erth           0%         3d5*      100%        5
 Eringya's Noxious Bog    Tmut/Pois      0%         N/A       100%        6
 Statue Form              Tmut/Erth      0%         N/A       100%        6
 Ozocubu's Refrigeration  Ice            0%         4d5       100%        7
 Ignition                 Fire           0%         3d3       100%        8


Dungeon Overview and Level Annotations

Branches:
Dungeon (11/15)            Temple (1/1) D:6            Lair (6/6) D:9
  Swamp (0/4) Lair:4        Snake (0/4) Lair:3        Slime (0/5) Lair:6
    Orc (2/2) D:10        Volcano (visited)
    Elf: Orc:2

Altars:
Ashenzari
Cheibriados
Dithmenos
Elyvilon
Fedhas
Gozag
Hepliaklqana
Kikubaaqudgha
Makhleb
Nemelex Xobeh
Okawaru
Qazlal
Ru
Sif Muna
Trog
Uskayaw
Vehumet
Wu Jian
Xom
Yredelemnul
Zin
The Shining One
Beogh

Shops:
Orc:1 (   Orc:2 [

Annotations:
Orc:2 Saint Roka


Innate Abilities, Weirdness & Mutations

You are very small and have problems with some larger weapons.
You are too small for most types of armour.
You have supernaturally acute eyesight. (SInv)
You cover ground extremely quickly. (Speed+++)


Message History

a +0 hand axe; a +0 chain mail You feel much better.
Your orc dissolves into shadows!
Saint Roka roars a battlecry!
Your orc warrior throws a boomerang.
The boomerang hits the orc warrior!
Your orc priest mumbles some strange prayers to Beogh against the orc warrior.
The orc warrior is smitten.
The orc warrior dies!
Saint Roka mumbles some strange prayers to Beogh against you.
Beogh smites you!
You see here a +0 whip.
Aiming: Mindburst
Press: ? - help, Q - select action, (/) - cycle Shift-Dir - straight line, f - Saint Roka
Aim: Saint Roka, wielding a +2 halberd of venom and wearing a +2 chain mail of cold resistance (heavily wounded, ally target, chance to affect: 53%)
Okay, then.
You feel much better.
Saint Roka hits you from afar with a +2 halberd of venom!!!
Ouch! That really hurt!
* * * LOW HITPOINT WARNING * * *
You hear a shout! x3
Your troll bites Saint Roka but does no damage.
Your troll misses Saint Roka.
Your troll claws Saint Roka.
You feel much better.
Your orc priest looks braver for a moment.
Your orc warrior barely misses Saint Roka.
Aiming: Mindburst
Press: ? - help, Q - select action, (/) - cycle Shift-Dir - straight line, f - Saint Roka
Aim: Saint Roka, wielding a +2 halberd of venom and wearing a +2 chain mail of cold resistance (heavily wounded, ally target, chance to affect: 53%) Saint Roka resists with significant effort.
Your orc priest hits Saint Roka but does no damage.
Saint Roka hits you from afar with a +2 halberd of venom.
* * * LOW HITPOINT WARNING * * *
You are poisoned.
Your orc warrior hits Saint Roka with a +0 mace.
Your orc wizard hits Saint Roka but does no damage.
You feel sick.
Your orc priest miscasts a cantrip.
Saint Roka invokes the aid of Beogh against you.
Beogh smites you!
You die...

# #()'...)#(..#......'..# ##..##
# #..#....#...#.#....#..##.#..≈#
#######....##)##.#..).######...≈≈
.##...#.....).oo.#....#...###.≈≈≈
#.#...#.##+###o###'##.#...# ##≈#≈
####'##.#...##.##...#.##'# ####
#....#..[##.##...#....#
###########'###########
###......@..##### ####
.......8)8....)..### ##...
.......).)oo.......####....
...##....Too##...)..##.....
.###......o..###..)..))....
#.....8.8o....###..)).).∩.
......).........###.).....
.................####.....
.....#...#........ ##....


You could see Saint Roka (ally target), a friendly troll (summoned), a friendly
orc warrior (summoned), a friendly orc priest (summoned), a friendly orc wizard
(summoned, invisible) and 2 friendly orcs.

Vanquished Creatures
  An orc warlord (Orc:2)
  Snorg (Lair:5)
  A fire dragon (Lair:6)
  5 hydras
  A boulder beetle (Lair:6)
  An alligator (Lair:6)
  4 two-headed ogres
  4 death yaks (Lair:4)
  2 orc high priests
  A hell knight (Volcano)
  A goliath frog (Lair:3)
  A swamp dragon (Lair:6)
  Pikel (D:7)
  A lindwurm (Lair:6)
  4 orc knights (Orc:1)
  An orc sorcerer (Orc:1)
  2 ugly things (Volcano)
  A cyclops (D:11)
  14 elephants
  Joseph (D:8)
  A torpor snail (Lair:6)
  A molten gargoyle (Volcano)
  2 black mambas (Lair:6)
  A smoke demon (Volcano)
  A gargoyle (Volcano)
  15 cane toads
  3 rime drakes
  Psyche (D:8)
  Maggie (D:6)
  13 komodo dragons
  A red devil (Volcano)
  11 polar bears
  4 trolls
  23 blink frogs
  3 raiju (Lair:6)
  3 shadows
  7 wyverns
  58 yaks
  2 fire bats (Volcano)
  5 steam dragons
  5 basilisks
  Grum (Lair:1)
  Menkaure (D:6)
  Edmund (D:5)
  3 nagas (Lair:3)
  12 wargs
  4 acid dragons
  22 water moccasins
  13 hell hounds
  30 orc warriors
  3 sky beasts
  13 black bears
  24 wolves
  4 centaurs
  6 ogres (Orc:2)
  A phantom (D:7)
  A lemure (D:7)
  11 bullfrogs
  3 scorpions
  3 water moccasin skeletons
  7 howler monkeys
  3 lava snakes (Volcano)
  A crimson imp (D:6)
  3 centaur zombies
  A hound (D:4)
  20 orc priests
  Crazy Yiuf (D:6)
  8 iguanas
  14 orc wizards
  A hound zombie (D:5)
  A hound skeleton (D:4)
  A howler monkey zombie (D:8)
  A howler monkey skeleton (D:6)
  4 adders
  2 adder skeletons
  3 worms
  3 dart slugs
  105 orcs
  5 bats
  7 endoplasms
  4 giant cockroaches
  8 goblins
  8 hobgoblins
  6 jackals
  5 kobolds
  2 quokkas
  5 ball pythons
  2 frilled lizards
  3 goblin zombies (D:6)
  4 hobgoblin zombies (D:6)
  A kobold zombie (D:6)
  3 orc skeletons (D:6)
  An orc zombie (D:6)
  5 rats
  A bush (D:5)
  2 butterflies (Lair:4)
616 creatures vanquished.

Vanquished Creatures (collateral kills)
  An orc warrior (Orc:2)
  An orc priest (Orc:2)
  2 orcs (Orc:2)
4 creatures vanquished.

Vanquished Creatures (others)
  2 orc wizards (Orc:1)
  An orc (Orc:1)
  28 fungi
  95 plants
126 creatures vanquished.

Grand Total: 746 creatures vanquished

Notes
Turn   | Place    | Note
-------+----------+-------------------------------------------
     0 | D:1      | adizb the Spriggan Brigand began the quest for the Orb.
     0 | D:1      | Reached XP level 1. HP: 10/10 MP: 2/2
   180 | D:1      | Reached skill level 6 in Stealth
   334 | D:1      | Reached XP level 2. HP: 6/14 MP: 3/3
   862 | D:1      | Found a faded altar of an unknown god.
  1077 | D:2      | Reached XP level 3. HP: 18/18 MP: 4/4
  1490 | D:2      | Reached skill level 1 in Evocations
  1492 | D:2      | Reached XP level 4. HP: 20/22 MP: 5/5
  2154 | D:3      | Found an ancient bone altar of Kikubaaqudgha.
  2325 | D:3      | Found an opulent altar of Gozag.
  3255 | D:4      | Reached skill level 7 in Stealth
  3255 | D:4      | Reached XP level 5. HP: 25/25 MP: 6/6
  3638 | D:4      | Found an iron altar of Okawaru.
  3743 | D:5      | Entered Level 5 of the Dungeon
  3743 | D:5      | Noticed a black bear
  3755 | D:5      | Found a hide-covered altar of Uskayaw.
  3758 | D:5      | Killed a black bear
  3759 | D:5      | Reached XP level 6. HP: 11/30 MP: 7/7
  3768 | D:5      | Noticed Edmund
  3965 | D:5      | Reached skill level 8 in Stealth
  3986 | D:5      | Killed Edmund
  3987 | D:5      | Reached skill level 5 in Short Blades
  4181 | D:5      | Noticed a shadow
  4200 | D:5      | Reached XP level 7. HP: 32/33 MP: 8/8
  4679 | D:5      | Found a glowing silver altar of Zin.
  4679 | D:5      | Found a stormy altar of Qazlal.
  4706 | D:5      | Reached skill level 9 in Stealth
  4839 | D:5      | Killed a shadow
  4841 | D:5      | Reached skill level 5 in Dodging
  4919 | D:5      | Found a hazy altar of Hepliaklqana.
  5377 | D:5      | Found a stormy altar of Qazlal.
  5377 | D:5      | Noticed a two-headed ogre
  5380 | D:5      | Reached XP level 8. HP: 37/37 MP: 9/9
  5392 | D:5      | Killed a two-headed ogre
  5393 | D:5      | Reached skill level 11 in Stealth
  5393 | D:5      | Reached skill level 5 in Evocations
  5578 | D:6      | Found a radiant altar of Vehumet.
  5656 | D:6      | Found a glowing golden altar of the Shining One.
  5728 | D:6      | Noticed Menkaure
  5814 | D:6      | Reached XP level 9. HP: 30/41 MP: 10/10
  5858 | D:6      | Found a staircase to the Ecumenical Temple.
  5867 | Temple   | Entered the Ecumenical Temple
  6196 | Temple   | Became a worshipper of Uskayaw the Reveller
  6236 | D:6      | Noticed Maggie
  6243 | D:6      | Killed Maggie
  6243 | D:6      | Reached * piety under Uskayaw
  6244 | D:6      | Reached skill level 12 in Stealth
  6288 | D:6      | Reached ** piety under Uskayaw
  6294 | D:6      | Reached *** piety under Uskayaw
  6465 | D:6      | Found a runed translucent door.
  6466 | D:6      | Noticed Crazy Yiuf
  6474 | D:6      | Killed Crazy Yiuf
  6598 | D:6      | Killed Menkaure
  6846 | D:7      | Found a sparkling altar of Nemelex Xobeh.
  7032 | D:7      | Noticed Pikel
  7720 | D:7      | Reached skill level 13 in Stealth
  7824 | D:7      | Killed Pikel
  8063 | D:7      | Reached XP level 10. HP: 24/46 MP: 11/11
  8582 | D:8      | Noticed Psyche
  8588 | D:8      | Reached skill level 14 in Stealth
  8599 | D:8      | Killed Psyche
  8652 | D:8      | Reached skill level 10 in Short Blades
  9510 | D:8      | Noticed Joseph
  9513 | D:8      | Killed Joseph
  9779 | D:9      | Found a shadowy altar of Dithmenos.
  9891 | D:9      | Reached skill level 15 in Stealth
  9912 | D:9      | Reached **** piety under Uskayaw
 10351 | D:9      | Reached XP level 11. HP: 28/52 MP: 12/12
 10432 | D:9      | Noticed a two-headed ogre
 10491 | D:9      | Killed a two-headed ogre
 10625 | D:9      | Found a burning altar of Makhleb.
 10625 | D:9      | Noticed a blizzard demon
 10681 | D:9      | Found a staircase to the Lair.
 10725 | D:10     | Entered Level 10 of the Dungeon
 11187 | D:10     | Reached skill level 16 in Stealth
 11196 | D:10     | Reached ***** piety under Uskayaw
 11352 | D:10     | Identified the +10 trident of Gluttony {flame, Will- Str+5
                  | Dex+4}
 11646 | D:10     | Reached skill level 10 in Dodging
 11802 | D:10     | Found a staircase to the Orcish Mines.
 12146 | Lair:1   | Entered Level 1 of the Lair of Beasts
 12762 | Lair:1   | Noticed Grum
 12799 | Lair:1   | Killed Grum
 13392 | Lair:1   | Reached skill level 10 in Evocations
 13756 | Lair:1   | Reached XP level 12. HP: 44/58 MP: 13/13
 14738 | Lair:2   | You fall into a shaft and drop 1 floor!
 14738 | Lair:3   | Noticed an eight-headed hydra
 14765 | Lair:2   | Reached skill level 5 in Fighting
 15030 | Lair:2   | Noticed a six-headed hydra
 15106 | Lair:2   | Reached skill level 17 in Stealth
 15364 | Lair:3   | Identified the +1 cloak of the Great Game {Rampage Will+
                  | Int+6}
 15474 | Lair:3   | Reached skill level 1 in Invocations
 15848 | Lair:3   | an eight-headed hydra changed into a goliath frog
 16197 | Lair:3   | Found a staircase to the Snake Pit.
 16408 | Lair:4   | Noticed a death yak
 16409 | Lair:4   | Noticed a death yak
 16412 | Lair:4   | Noticed a death yak
 16412 | Lair:4   | Noticed a death yak
 16464 | Lair:4   | Killed a death yak
 16465 | Lair:4   | Killed a death yak
 16465 | Lair:4   | Killed a death yak
 16566 | Lair:4   | Reached ****** piety under Uskayaw
 16656 | Lair:4   | Reached XP level 13. HP: 65/65 MP: 16/16
 16796 | Lair:4   | Reached skill level 5 in Throwing
 16821 | Lair:4   | Found a staircase to the Swamp.
 17256 | Lair:5   | Reached skill level 18 in Stealth
 17407 | Lair:5   | Noticed Snorg
 17415 | Lair:5   | Killed Snorg
 17882 | Lair:6   | Entered Level 6 of the Lair of Beasts
 17895 | Lair:6   | Found a staircase to the Slime Pits.
 18004 | Lair:6   | Reached skill level 5 in Invocations
 18359 | Lair:6   | Reached XP level 14. HP: 68/70 MP: 19/19
 18647 | Lair:6   | Reached skill level 19 in Stealth
 18735 | Lair:6   | Reached skill level 15 in Dodging
 19620 | Orc:1    | Entered Level 1 of the Orcish Mines
 19745 | Orc:1    | Found a dark tunnel.
 19795 | Volcano  | Entered a volcano
 20128 | Volcano  | Found a radiant altar of Vehumet.
 20142 | Volcano  | Reached skill level 15 in Short Blades
 21070 | Orc:2    | Entered Level 2 of the Orcish Mines
 21467 | Orc:1    | Found Recec's Weapon Boutique.
 21753 | Orc:2    | Found Luq Bac's Armour Emporium.
 21795 | Orc:2    | Noticed Saint Roka
 22036 | Orc:2    | Noticed an orc warlord
 22038 | Orc:2    | Killed an orc warlord
 22236 | Orc:2    | HP: 3/70 [Saint Roka/divine providence (11)]
 22261 | Orc:2    | HP: 3/70 [Saint Roka/+2 halberd of venom (41)]
 22265 | Orc:2    | Killed from afar by Saint Roka

Illustrated notes

Levels and vault maps discovered:
D:1:      tarquinn_simple_flora_water_c, layout_loops_corners,
          hellmonk_ecumenical_altar_inner_sanctum
D:2:      layout_loops_corners, serial_park_tiny_2
D:3:      layout_loops_corners, nicolae_gozag_cash_rules_everything_around_me,
          kiku_gazebo_pond_becter, grunt_ministairs_4
D:4:      layout_loops_ring, lemuel_tele_altar
D:5:      layout_basic, gammafunk_temple_overflow_statue,
          mainiacjoe_overflow_concentric_impassable, hangedman_feature_mirror,
          kb_lookout_dungeons_type, amcnicky_mini_pool_small, uniq_edmund
D:6:      layout_cave_pools, nicolae_tso_besieged_by_evil, marbit_many_paths,
          minmay_temple_entry_water_ring, uniq_menkaure, uniq_maggie,
          uniq_crazy_yiuf_cottage
D:7:      layout_basic, overflow_temple_1_default, uniq_pikel
D:8:      layout_gridville, hellmonk_bongcloud_opening, uniq_joseph, uniq_psyche
D:9:      layout_rooms, amcnicky_altar_gilded, makhleb_altar_promises_db,
          grunt_lair_entry_orc_guard_hut, grunt_ogre_cave, minmay_holes
D:10:     layout_basic, orc_0_dummy, kennysheep_small_spiral
D:11:     layout_cave_pools
Temple:   minmay_temple_curvy_loop
Lair:1:   layout_cave_pods, beast_lair_carwin_10, grunt_megastairs_1, uniq_grum
Lair:2:   layout_cellular_growth, serial_bayou, serial_bayou_pond_b,
          serial_bayou_pond_e, serial_bayou_shore_a, serial_bayou_shore_b,
          serial_bayou_lagoon_a, serial_bayou_pond_a, patterned_corridor
Lair:3:   layout_misc_corridors, guppyfry_snake_entry_island,
          nicolae_lair_lil_pond, st_stairs_13
Lair:4:   layout_cave_pods, minmay_swamp_entry_eels, lemuel_fruit_fields,
          grunt_megastairs_3
Lair:5:   layout_regular_city, uniq_snorg
Lair:6:   hangedman_lair_caniforms_friends, layout_cave_pods,
          guppyfry_lair_end_dragon, dpeg_slime_entry_corner
Orc:1:    layout_caves, basic_altar, nicolae_volcano_entry_two_sided,
          serial_shops, nicolae_shop_bloodbath_and_beyond
Orc:2:    pubby_orc_utopia, serial_shops

Skill      XL: |  1  2  3  4  5  6  7  8  9 10 11 12 13 14 |
---------------+-------------------------------------------+-----
Stealth        | 6 7 8 9 11 13 15 16 17 18 19 | 19.8
Dodging        | 2 3 4 5 6 7 9 11 13 14 15 | 15.6
Short Blades   | 3 4 5 6 7 9 10 11 12 14 15 | 15.6
Evocations     | 1 2 3 4 5 7 8 10 11 13 | 13.0
Fighting       | 3 4 5 6 |  6.0
Throwing       | 4 5 |  5.0
Invocations    | 3 5 7 |  7.1

Action                   |  1- 3 |  4- 6 |  7- 9 | 10-12 | 13-15 || total
-------------------------+-------+-------+-------+-------+-------++-------
Melee: Dagger            |    21 |       |       |   164 |       ||   185
       Short sword       |    65 |   146 |   371 |   653 |   502 ||  1737
       Punch             |     1 |     1 |     6 |    22 |    19 ||    49
       Rapier            |       |       |       |       |   410 ||   410
Throw: Dart              |    20 |    11 |     8 |   132 |     3 ||   174
       Throwing net      |       |       |     1 |     5 |       ||     6
       Boomerang         |       |       |       |     1 |       ||     1
Invok: Stomp             |       |       |       |     1 |     4 ||     5
       Line Pass         |       |       |       |     5 |    32 ||    37
       Grand Finale      |       |       |       |       |     1 ||     1
Evoke: Wand              |       |       |     8 |    29 |     7 ||    44
  Use: Scroll            |       |     5 |       |    11 |    15 ||    31
       Potion            |       |       |       |     4 |     9 ||    13
 Stab: Sleeping          |    11 |    16 |    11 |    21 |    53 ||   112
       Paralysed         |       |       |     6 |    43 |    62 ||   111
       Distracted        |       |       |     2 |     6 |    19 ||    27
       Held in net/web   |       |       |       |     3 |       ||     3
       Confused          |       |       |       |     2 |    24 ||    26
Armor: Robe              |     6 |    26 |    16 |    20 |     2 ||    70
       Troll leather arm |       |       |       |       |    64 ||    64
       Fire dragon scale |       |       |       |       |     2 ||     2
Dodge: Dodged            |    53 |   108 |   217 |   453 |   672 ||  1503
